 Dungeon Crawl Stone Soup version 0.30-a0-862-g1aabd4f9c5 (webtiles) character file.

Game seed: 15243193468658490662

156 qeuew the Cudgeller (level 5, -7/41 HPs)
             Began as a Demonspawn Monk on Mar 8, 2023.
             Mangled by a gnoll
             ... wielding a +0 halberd
              (8 damage)
             ... on level 3 of the Dungeon.
             The game lasted 00:02:22 (1882 turns).

qeuew the Cudgeller (Demonspawn Monk)               Turns: 1882, Time: 00:02:22

Health: -7/41      AC:  5    Str: 19    XL:     5   Next: 14%
Magic:  5/5        EV: 13    Int: 12    God:
Gold:   112        SH:  4    Dex: 15    Spells: 4/4 levels left

rFire   . . .      SeeInvis .    a - +0 mace
rCold   . . .      Faith    .    (no shield)
rNeg    . . .      Spirit   .    b - +0 robe
rPois   .          Reflect  .    (no helmet)
rElec   .          Rampage  .    (no cloak)
rCorr   .                        (no gloves)
Will    .....                    (no boots)
Stlth   +++                      (no amulet)
HPRegen 0.26/turn                e - +6 ring of strength
MPRegen 0.09/turn                i - ring of flight

@: flying
A: thin metallic scales 2, foul stench 1, powered by death 1, large bone plates
1, camouflage 1
a: no special abilities


You were on level 3 of the Dungeon.
You visited 1 branch of the dungeon, and saw 3 of its levels.

You collected 112 gold pieces.

Inventory:

Hand Weapons
 a - a +0 mace (weapon)
Armour
 b - a +0 robe (worn)
Jewellery
 e - a +6 ring of strength (left hand)
 i - a ring of flight (right hand)
Wands
 f - a wand of iceblast (14)
Scrolls
 d - a scroll of magic mapping
 g - a scroll of teleportation
 h - a scroll of fear
Potions
 c - a potion of curing


   Skills:
 + Level 3.5 Fighting
 * Level 3.7 Maces & Flails
 * Level 2.4 Armour
 + Level 3.2 Dodging
 - Level 1.7 Stealth


You had 4 spell levels left.
You didn't know any spells.
Your spell library contained the following spells:

 Spells                   Type           Power      Damage    Failure   Level
 Cause Fear               Hex            0%         N/A       97%         4
 Dragon Form              Tmut           0%         N/A       100%        7
 Dragon's Call            Summ           0%         N/A       100%        9


Dungeon Overview and Level Annotations

Branches:
Dungeon (3/15)

Altars:
Sif Muna

Shops:
D:2 (


Innate Abilities, Weirdness & Mutations

You are mostly covered in thin metallic scales. (AC +3)
You may rarely emit foul miasma when damaged in melee.
You regenerate a little health from kills.
You are partially covered in large bone plates. (SH +4)
Your skin changes colour to match your surroundings (Stealth+).


Message History

The gnoll barely misses you. The gnoll closely misses you.
The gnoll misses you. The gnoll closely misses you.
An endoplasm comes into view.
The gnoll hits you with a +0 halberd! You block the gnoll's attack.
You are too injured to fight recklessly!
You are too injured to fight recklessly!
You are too injured to fight recklessly!
You are too injured to fight recklessly!
You are too injured to fight recklessly!
You are too injured to fight recklessly!
You are too injured to fight recklessly!
You are too injured to fight recklessly!
You are too injured to fight recklessly!
You are too injured to fight recklessly!
You are too injured to fight recklessly!
You are too injured to fight recklessly!
Unknown command.
The endoplasm quivers.
You sock the gnoll!
You kill the gnoll!
The gnoll closely misses you. The gnoll completely misses you.
The gnoll hits you with a +0 halberd.
You hit the gnoll.
The gnoll is moderately wounded.
The gnoll hits you with a +0 halberd!
* * * LOW HITPOINT WARNING * * *
You barely miss the gnoll.
The gnoll is moderately wounded.
The gnoll completely misses you. The gnoll closely misses you.
You hit the gnoll.
The gnoll is severely wounded.
The gnoll hits you from afar with a +0 spear.
* * * LOW HITPOINT WARNING * * *
The gnoll misses you.
You barely miss the gnoll.
The gnoll is severely wounded.
The gnoll hits you from afar with a +0 spear.
* * * LOW HITPOINT WARNING * * *
The gnoll hits you with a +0 halberd!
You die...

♣..............♣♣##.##
♣♣............♣♣##...#
♣♣..........♣♣ #>...#
♣♣........♣♣ ##...##
♣♣......♣♣ ###.###.#
♣♣♣..♣♣♣ #..## ##.
##''# #.#.###.# #...#
#.##.#.## ### #@### #.
##.### #...#g#
#.###.### #gJ#
......[.. ##.#
......... #..
......... #.##
#..#.... ..# #..##...
..# #.. ##<. ..# #...


You could see 2 gnolls and an endoplasm.

Vanquished Creatures
  6 gnolls
  3 adders (D:2)
  A worm (D:3)
  A dart slug (D:1)
  An orc (D:3)
  6 endoplasms
  4 giant cockroaches
  6 goblins
  3 hobgoblins
  5 jackals
  5 kobolds
  3 quokkas
  6 ball pythons
  6 bats (D:1)
  6 frilled lizards
  4 rats
66 creatures vanquished.

Vanquished Creatures (others)
  A plant (D:1)
1 creature vanquished.

Grand Total: 67 creatures vanquished

Notes
Turn   | Place    | Note
-------+----------+-------------------------------------------
     0 | D:1      | qeuew the Demonspawn Monk began the quest for the Orb.
     0 | D:1      | Reached XP level 1. HP: 18/18 MP: 1/1
    88 | D:1      | Gained mutation: You are partially covered in thin metallic
                  | scales. (AC +2) [demonic ancestry]
    88 | D:1      | Reached XP level 2. HP: 17/24 MP: 2/2
   225 | D:1      | Reached skill level 1 in Armour
   400 | D:1      | Gained mutation: You are mostly covered in thin metallic
                  | scales. (AC +3) [demonic ancestry]
   400 | D:1      | Reached XP level 3. HP: 5/29 MP: 3/3
   970 | D:2      | Gained mutation: You may rarely emit foul miasma when
                  | damaged in melee. [demonic ancestry]
   970 | D:2      | Reached XP level 4. HP: 35/35 MP: 4/4
  1137 | D:2      | Found Itawigoa's Weapon Boutique.
  1664 | D:2      | Found a shimmering blue altar of Sif Muna.
  1855 | D:3      | Gained mutation: You are partially covered in large bone
                  | plates. (SH +4) [potion of mutation]
  1855 | D:3      | Gained mutation: Your skin changes colour to match your
                  | surroundings (Stealth+). [potion of mutation]
  1870 | D:3      | Gained mutation: You regenerate a little health from kills.
                  | [demonic ancestry]
  1870 | D:3      | Reached XP level 5. HP: 29/41 MP: 5/5
  1882 | D:3      | HP: 1/41 [gnoll/+0 spear (4)]
  1882 | D:3      | Mangled by a gnoll

Illustrated notes

Levels and vault maps discovered:
D:1:      psy_arrival_fountain, layout_basic, serial_bayou_crossing
D:2:      layout_loops_ring, basic_altar, serial_shops, nicolae_lakefront_shop
D:3:      layout_loops_ring, kennysheep_cross_room, minmay_shallow_snake_nest

Skill      XL: |  1  2  3  4 |
---------------+-------------+-----
Armour         | 1 2 |  2.4
Maces & Flails | 3 |  3.7
Dodging        | 3 |  3.2
Fighting       | |  3.5
Stealth        | |  1.7

Action                     |  1- 3 |  4- 6 || total
---------------------------+-------+-------++-------
  Melee: Mace              |   121 |   108 ||   229
         Punch             |       |     1 ||     1
    Use: Scroll            |     3 |     4 ||     7
         Potion            |     2 |     1 ||     3
   Stab: Sleeping          |     5 |     2 ||     7
         Distracted        |       |     1 ||     1
 Armour: Robe              |    47 |    29 ||    76
  Dodge: Dodged            |   104 |   125 ||   229
  Block: Other             |       |     3 ||     3

Table legend: (Time is in decaauts)
 A = Elapsed time spent in this place.
 B = Non-inter-level travel time spent in this place.
 C = Inter-level travel time spent in this place.
 D = Time resting spent in this place.
 E = Time spent auto-exploring this place.
 F = Levels seen in this place.
 G = Mean time per level.
                   A        B        C        D        E       F      G
               +--------+--------+--------+--------+--------+-----+--------+
         Total |   1944 |   1909 |     35 |      0 |   1407 |   3 |  648.0 |
       Dungeon |   1944 |   1909 |     35 |      0 |   1407 |   3 |  648.0 |
               +--------+--------+--------+--------+--------+-----+--------+

Top non-repeatable levels by time:
     D:2: 1082 daAuts
     D:1: 699 daAuts
     D:3: 162 daAuts
